 Dungeon Crawl Stone Soup version 0.31-a0-1529-g7bd419a0e5 (webtiles) character file.

Game seed: 6475725647372352005

600014 Colgate the Conqueror (level 26, -27/214 (242) HPs)
             Began as a Demonspawn Gladiator on Dec 30, 2023.
             Was a High Priest of Makhleb.
             Killed from afar by a Tzitzimitl (55 damage)
             ... with a bolt of negative energy
             ... in Pandemonium on Dec 31, 2023.
             The game lasted 08:07:15 (119717 turns).

Colgate the Conqueror (Demonspawn Gladiator)      Turns: 119717, Time: 08:07:15

HP:   -27/214 (242) AC: 59    Str: 34    XL:     26   Next: 46%
MP:   40/40         EV: 21    Int: 12    God:    Makhleb [*****.]
Gold: 1226          SH:  0    Dex: 19    Spells: 25/25 levels left

rFire   + . .        a - +9 lajatang (heavy)
rCold   . . .        (shield currently unavailable)
rNeg    . . .        Q - +10 crystal plate armour
rPois   +            U - +0 helmet of the Wasteland {Regen+ Dex+3}
rElec   .            c - +1 cloak {rCorr}
rCorr   +            o - +1 pair of gloves
SInv    .            (boots unavailable)
Will    ++...        (no amulet) Stlth
                     y - ring "Asen" {rPois Will+ Str+6 Int+2}
HPRegen 1.35/turn    t - ring "Ompurerph" {*Slow rF+ Str+4}
MPRegen 0.27/turn

%: slow self (1%)
@: agile, sanguine armoured, slowed, studying Short Blades, heavily drained,
very slow
A: hooves 3, foul stench 3, powered by pain 3, sanguine armour 3, corrupting
presence 2, poison resistance
0: Orb of Zot
}: 3/15 runes: decaying, serpentine, slimy
a: Renounce Religion, Minor Destruction, Lesser Servant of Makhleb, Major
Destruction, Greater Servant of Makhleb


You were in Pandemonium.
You worshipped Makhleb.
Makhleb was extremely pleased with you.
You visited 14 branches of the dungeon, and saw 57 of its levels.
You visited Pandemonium 1 time, and saw 4 of its levels.
You visited 1 bazaar.
You visited 1 ziggurat, and saw 4 of its levels.
You also visited: Trove, Sewer, Ossuary, Bailey, Ice Cave and Wizlab.

You collected 7687 gold pieces.
You spent 6461 gold pieces at shops.

Inventory:

Hand Weapons
 a - a +9 heavy lajatang (weapon)
 b - the +6 quarterstaff "Lyorphyx" {freeze, Str+3 Int-3 Dex+6 SInv}
   (You found it on level 5 of the Dungeon)

   Str+3:     It affects your strength (+3).
   Int-3:     It affects your intelligence (-3).
   Dex+6:     It affects your dexterity (+6).
   SInv:      It lets you see invisible.
Missiles
 l - 4 darts of dispersal
 r - a throwing net {!f}
 w - 11 datura-tipped darts
 R - 10 silver javelins
 T - 10 curare-tipped darts
Armour
 c - a +1 cloak of preservation (worn)
 o - a +1 pair of gloves (worn)
 Q - a +10 crystal plate armour (worn)
 U - the +0 helmet of the Wasteland (worn) {Regen+ Dex+3}
   (You found it on level 3 of the Crypt)

   Dex+3:     It affects your dexterity (+3).
   Regen+:    It increases your rate of health regeneration.
Jewellery
 n - a ring of willpower
 p - a ring of protection from cold
 t - the ring "Ompurerph" (right hand) {*Slow rF+ Str+4}
   (You found it on level 4 of a ziggurat)

   [ring of protection from fire]

   Str+4:     It affects your strength (+4).
   rF+:       It protects you from fire.
   *Slow:     It may slow you when you take damage.
 y - the ring "Asen" (left hand) {rPois Will+ Str+6 Int+2}
   (You acquired it on level 13 of the Dungeon)

   [ring of strength]

   Str+6:     It affects your strength (+6).
   Int+2:     It affects your intelligence (+2).
   rPois:     It protects you from poison Will+: It increases your willpower.
 M - a ring of protection from fire
 Y - a ring of positive energy
Wands
 q - a wand of polymorph (51)
 s - a wand of roots (57) {@v2}
 E - a wand of flame (4)
 H - a wand of mindburst (50)
 I - a wand of light (49) {@v1}
 X - a wand of paralysis (65)
 Z - a wand of digging (32) {@v3}
Scrolls
 e - 12 scrolls of poison
 f - 2 scrolls of amnesia
 j - 8 scrolls of blinking {@r4}
 m - a scroll of fog
 u - 30 scrolls of teleportation {@r3}
 x - 7 scrolls of immolation
 B - 6 scrolls of vulnerability
 D - 7 scrolls of revelation
 F - 17 scrolls of fear
 L - 7 scrolls of butterflies
Potions
 d - 12 potions of heal wounds {@q2}
 g - 8 potions of haste {@q4}
 h - 8 potions of invisibility
 i - 11 potions of might {@q3}
 k - 40 potions of curing {@q1}
 v - 12 potions of mutation
 z - 7 potions of ambrosia
 A - 7 potions of berserk rage
 C - 8 potions of cancellation
 G - 3 potions of magic
 J - 6 potions of enlightenment
 N - 2 potions of resistance {@q5}
 V - 13 potions of brilliance
 W - 8 potions of attraction
Miscellaneous
 K - the horn of Geryon
 O - a phantom mirror
 P - a sack of spiders
 S - a tin of tremorstones (1/2)


   Skills:
 O Level 27 Fighting
 - Level 14.0 Staves
 - Level 5.0 Throwing
 + Level 24.1 Armour
 - Level 15.0 Dodging
 - Level 6.0 Stealth
 O Level 27 Invocations
 - Level 19.0 Evocations


You had 25 spell levels left.
You didn't know any spells.
Your spell library contained the following spells:

 Spells                   Type           Power      Damage    Failure   Level
 Apportation              Tloc           0%         N/A       88%         1
 Foxfire                  Conj/Fire      0%         2x1d4     88%         1
 Freeze                   Ice            0%         1d3       88%         1
 Kiss of Death            Conj/Necr      0%         2d5       88%         1
 Necrotise                Necr           0%         1d4       88%         1
 Shock                    Conj/Air       0%         1d3       88%         1
 Slow                     Hex            0%         N/A       88%         1
 Sting                    Conj/Alch      0%         1d3       88%         1
 Summon Small Mammal      Summ           0%         N/A       88%         1
 Call Imp                 Summ           0%         N/A       95%         2
 Cigotuvi's Dreadful Rot  Necr/Alch/Air  0%         N/A       95%         2
 Ensorcelled Hibernation  Hex/Ice        0%         N/A       95%         2
 Jinxbite                 Hex            0%         N/A       95%         2
 Mercury Vapours          Alch/Air       0%         N/A       95%         2
 Momentum Strike          Conj/Tloc      0%         3d8       95%         2
 Searing Ray              Conj           0%         2d4       95%         2
 Call Canine Familiar     Summ           0%         N/A       99%         3
 Confusing Touch          Hex            0%         N/A       99%         3
 Dazzling Flash           Conj/Hex       0%         N/A       99%         3
 Frozen Ramparts          Ice            0%         1d1       99%         3
 Fugue of the Fallen      Necr           0%         N/A       99%         3
 Hailstorm                Conj/Ice       0%         3d5       99%         3
 Inner Flame              Hex/Fire       0%         N/A       99%         3
 Mephitic Cloud           Conj/Alch/Air  0%         N/A       99%         3
 Ozocubu's Armour         Ice            0%         N/A       99%         3
 Sigil of Binding         Hex            0%         N/A       99%         3
 Stone Arrow              Conj/Erth      0%         3d7       99%         3
 Summon Ice Beast         Ice/Summ       0%         N/A       99%         3
 Swiftness                Air            0%         N/A       99%         3
 Tukima's Dance           Hex            0%         N/A       99%         3
 Vampiric Draining        Necr           0%         2d6       99%         3
 Volatile Blastmotes      Fire/Tloc      0%         2d10      99%         3
 Airstrike                Air            0%         2d(0-16)  100%        4
 Animate Armour           Summ/Erth      0%         N/A       100%        4
 Cause Fear               Hex            0%         N/A       100%        4
 Dimensional Bullseye     Hex/Tloc       0%         N/A       100%        4
 Dispel Undead            Necr           0%         3d6       100%        4
 Flame Wave               Conj/Fire      0%         2d4       100%        4
 Fulminant Prism          Conj/Alch      0%         3d5       100%        4
 Iskenderun's Mystic Bla  Conj/Tloc      0%         2d3       100%        4
 Leda's Liquefaction      Alch/Erth      0%         N/A       100%        4
 Manifold Assault         Tloc           0%         N/A       100%        4
 Martyr's Knell           Necr/Summ      0%         N/A       100%        4
 Petrify                  Alch/Erth      0%         N/A       100%        4
 Sticky Flame             Fire/Alch      0%         2d4       100%        4
 Summon Blazeheart Golem  Fire/Summ      0%         N/A       100%        4
 Summon Lightning Spire   Summ/Air       0%         N/A       100%        4
 Alistair's Intoxication  Alch           0%         N/A       100%        5
 Arcjolt                  Conj/Air       0%         1d10      100%        5
 Curse of Agony           Necr           0%         N/A       100%        5
 Fireball                 Conj/Fire      0%         3d3       100%        5
 Freezing Cloud           Conj/Ice/Air   0%         6-21      100%        5
 Iskenderun's Battlesphe  Conj           0%         2d6       100%        5
 Lee's Rapid Deconstruct  Erth           0%         3d4*      100%        5
 Metabolic Englaciation   Hex/Ice        0%         N/A       100%        5
 Silence                  Hex/Air        0%         N/A       100%        5
 Summon Forest            Summ/Tloc      0%         N/A       100%        5
 Summon Mana Viper        Hex/Summ       0%         N/A       100%        5
 Yara's Violent Unravell  Hex/Alch       0%         3d3       100%        5
 Bombard                  Conj/Erth      0%         9d1       100%        6
 Death Channel            Necr           0%         N/A       100%        6
 Eringya's Noxious Bog    Alch           0%         4d6       100%        6
 Sculpt Simulacrum        Ice/Alch       0%         N/A       100%        6
 Starburst                Conj/Fire      0%         6d3       100%        6
 Summon Cactus Giant      Summ           0%         N/A       100%        6
 Haunt                    Necr/Summ      0%         N/A       100%        7
 Malign Gateway           Summ/Tloc      0%         N/A       100%        7
 Monstrous Menagerie      Summ           0%         N/A       100%        7
 Spellforged Servitor     Conj/Summ      0%         N/A       100%        7
 Summon Hydra             Summ           0%         N/A       100%        7
 Borgnjor's Revivificati  Necr           0%         N/A       100%        8
 Summon Horrible Things   Summ           0%         N/A       100%        8
 Death's Door             Necr           0%         N/A       100%        9
 Dragon's Call            Summ           0%         N/A       100%        9
 Polar Vortex             Ice            0%         N/A       100%        9


Dungeon Overview and Level Annotations

Branches:
Dungeon (15/15)            Temple (1/1) D:4            Lair (5/5) D:8
  Swamp (4/4) Lair:2        Snake (4/4) Lair:3        Slime (5/5) Lair:4
    Orc (2/2) D:10            Elf (3/3) Orc:2        Vaults (4/5) D:14
  Crypt (3/3) Vaults:3       Tomb (1/3) Crypt:3      Depths (4/4) D:15
   Hell (visited)             Dis (0/7) Hell            Geh (0/7) Hell
    Coc (0/7) Hell            Tar (0/7) Hell            Zot (5/5) Depths:4
  Sewer (visited)         Ossuary (visited)          Bailey (visited)
  IceCv (visited)          WizLab (visited)

Altars:
Ashenzari
Cheibriados
Dithmenos
Fedhas
Gozag
Hepliaklqana
Kikubaaqudgha
Makhleb
Nemelex Xobeh
Okawaru
Qazlal
Ru
Sif Muna
Trog
Uskayaw
Vehumet
Wu Jian
Xom
Yredelemnul

Shops:
D:4 *   D:13 (   Orc:1 *   Orc:2 :!*   Snake:1 ?   Snake:2 =[?!:   Vaults:2 ?
Vaults:3 *   Vaults:4 [   Zot:5 *   Depths:1 :

Portals:
Hell: Depths:1 Depths:2 Depths:3 Depths:4
Abyss: Vaults:1 Depths:3
Pandemonium: Depths:1 Depths:2

Annotations:
Elf:2 3 runed translucent doors
Depths:2 3 runed translucent doors, jazmu's ghost, adept DgHu


Innate Abilities, Weirdness & Mutations

You have hooves in place of feet.
You frequently emit foul miasma when damaged in melee.
You are powered by pain.
When seriously injured, your blood forms very thick armour. (AC +12)
Your presence sometimes corrodes or deforms those you injure.
Your system is resistant to poisons. (rPois)


Message History

* * * LOW HITPOINT WARNING * * *
Aiming: Minor Destruction (0% risk of failure)
Press: ? - help, Q - select action, (/) - cycle Shift-Dir - straight line, f - Tzitzimitl
Aim: a Tzitzimitl The Tzitzimitl is unaffected.
The Tzitzimitl calls on the powers of darkness!
Your body is wracked with pain!
* * * LOW HITPOINT WARNING * * *
The Tzitzimitl gestures at you.
The bolt of negative energy hits you but does no damage.
You see here a +0 scythe of venom.
The Tzitzimitl engulfs you!
* * * LOW HITPOINT WARNING * * *
The Tzitzimitl drains your vigour!
You feel yourself slow down.
The Tzitzimitl bites you but does no damage.
Things that are here:
a +0 quarterstaff; a +0 robe You slice the Tzitzimitl!!
Your kick misses the Tzitzimitl. The Tzitzimitl gestures at you.
The bolt of negative energy misses you.
You hit the Tzitzimitl but do no damage.
Your kick misses the Tzitzimitl. The Tzitzimitl closely misses you.
The Tzitzimitl barely misses you. The Tzitzimitl engulfs you.
* * * LOW HITPOINT WARNING * * *
The Tzitzimitl drains your vigour!
You feel as though you will be slow longer.
The Tzitzimitl bites you but does no damage.
You feel much better.
The Tzitzimitl calls on the powers of darkness!
Your body is wracked with pain!
* * * LOW HITPOINT WARNING * * *
You focus on the pain.
You feel agile all of a sudden.
You open the Tzitzimitl like a pillowcase!!!
You kick the Tzitzimitl, but do no damage.
The Tzitzimitl engulfs you but does no damage.
The Tzitzimitl closely misses you. The Tzitzimitl gestures at you.
The bolt of negative energy hits you!!!
You feel drained.
You die...

#+####..≈≈≈≈≈...# *,,,,,
.###....≈≈#≈≈...############.,,,,
..##....≈≈≈≈≈................,,,*
*,*#.....≈≈≈.)...............,,,*
,,*#.........................,,,*
*,*#.........................,,,*
,,*#########....)...#.##***,,,,,,
*,**##**######....††.## *,,,,,,
,,,,,..,#≈≈###..@)..## *,,,,,,
,,*.#.#.#....##)1...# ****,,,,,,
,,,.....'...........# *,,,,,,,,,
,,,.....'...........# *,,,,,,,,,
,,,.....'....).)....# *,,,,,,,,,
,,*.#.#.#....##.....# *,,,,,,,,,
,,,6....#≈≈###÷÷)...# *,,,,,,,,,
*,*####*######......# *,,,,,,,,,
,,******####........# *,,,,,,,,,


You could see a Tzitzimitl.

Vanquished Creatures
  the Royal Jelly (Slime:5)
  10 orbs of fire
  2 dread liches
  Mennas (Crypt:3)
  3 Killer Klowns (Zot:5)
  Saint Roka (Snake:3)
  A curse toe (Zot:5)
  5 caustic shrikes (Depths:4)
  Geryon (Hell)
  7 golden dragons
  A profane servitor (Pan)
  Nikola (Snake:3)
  Jory (Crypt:3)
  Norris (Elf:2)
  A mutant beast (WizLab)
  2 doom hounds
  A bone dragon (Crypt:3)
  A Brimstone Fiend (Pan)
  4 electric golems
  A hellephant (Vaults:3)
  5 tentacled monstrosities
  An Ice Fiend (Pan)
  Jorgrun (Snake:2)
  Zenata (Crypt:2)
  5 liches
  Grunn (Zot:3)
  26 Orb Guardians
  A titan (Depths:4)
  4 deep elf blademasters
  4 quicksilver dragons
  Asterion (Vaults:1)
  7 deep elf master archers
  14 acid blobs (Slime:5)
  4 ancient champions
  11 sphinxes
  4 death cobs
  Murray (Depths:1)
  4 tengu reavers
  Kirke (Lair:3)
  A fenstrider witch (Swamp:4)
  2 storm dragons (shapeshifter)
  7 shadow dragons
  8 storm dragons
  2 draconian knights
  2 draconian monks
  4 nagarajas
  2 draconian shifters
  Aizul (Snake:2)
  4 protean progenitors
  5 rockslimes
  Roxanne (Snake:4)
  12 fire giants
  9 azure jellies
  6 frost giants
  8 vault wardens
  3 ghost moths
  6 deep elf sorcerers
  2 iron dragons
  5 deep elf elementalists
  Louise (Snake:1)
  5 balrugs
  3 curse skulls
  2 ghouls
  A draconian stormcaller (Zot:1)
  3 orc warlords
  11 very ugly things
  A draconian annihilator (Zot:1)
  2 reapers
  2 cacodemons (Pan)
  7 stone giants
  A demonspawn corrupter (Pan)
  9 quicksilver oozes
  13 ironbound preservers
  A spriggan defender (Depths:2)
  A juggernaut skeleton (Crypt:2)
  8 vampire knights
  8 ironbound thunderhulks
  8 deep elf death magi
  5 deep elf demonologists
  5 green draconians
  4 red draconians
  2 black draconians
  4 deep elf annihilators
  4 eleionomae
  A lorocyproca (Pan)
  A spectral titan (Crypt:3)
  2 demonspawn black suns (Pan)
  A bunyip (Swamp:2)
  4 purple draconians
  8 war gargoyles
  A minotaur (shapeshifter) (Depths:3)
  Azrael (Orc:2)
  Snorg (Lair:3)
  17 dire elephants
  2 spark wasps
  5 blizzard demons
  An ettin (shapeshifter) (WizLab)
  An eidolon (Crypt:1)
  6 ettins
  9 mummy priests (Tomb:1)
  5 white draconians
  A green death (Depths:1)
  5 yellow draconians
  18 jiangshi
  A merfolk impaler (Depths:4)
  5 fire dragons
  Josephine (Lair:5)
  An entropy weaver (Vaults:2)
  2 crystal guardians
  A merfolk javelineer (Depths:4)
  A kraken zombie (Hell)
  5 deep elf high priests
  6 hydras
  12 yaktaur captains
  Fannar (D:11)
  7 rakshasas
  8 vault guards
  2 shambling mangroves
  A hell beast (Pan)
  6 ironbound frosthearts
  9 great orbs of eyes
  12 ice dragons
  A peacekeeper (Vaults:2)
  2 spriggan air magi
  Erolcha (Orc:2)
  An ogre mage (Vaults:3)
  A caustic shrike simulacrum (IceCv)
  A great orb of eyes (shapeshifter) (Depths:2)
  11 anacondas
  6 ghost crabs
  11 alligators
  7 death knights
  4 salamander tyrants
  2 radroaches (WizLab)
  A spriggan skeleton (Tomb:1)
  A merfolk aquamancer (Zig:3)
  2 deep troll shamans
  A catoblepas (Lair:5)
  2 merfolk avatars
  10 centaur warriors
  32 death scarabs (Tomb:1)
  5 two-headed ogres (shapeshifter)
  21 dancing weapons
  16 naga warriors
  11 boulder beetles
  7 two-headed ogres
  Urug (D:12)
  3 tengu warriors
  7 vampire magi
  5 death yaks (Lair:4)
  7 demonic crawlers
  8 hell hogs
  A shock serpent (shapeshifter) (WizLab)
  6 deep troll earth magi
  10 deep elf knights
  3 spriggans
  7 shock serpents
  14 naga sharpshooters
  Nergalle (D:11)
  An orc high priest (Orc:2)
  2 spriggan berserkers (Depths:2)
  8 hell knights
  6 skysharks
  16 sun demons
  8 soul eaters (Pan)
  Sonja (Lair:5)
  A fire crab (shapeshifter) (WizLab)
  4 shadow wraiths
  3 sixfirhies (Pan)
  33 skeletal warriors
  2 iron trolls
  4 salamander mystics
  5 goliath frogs
  A fire crab (Lair:1)
  A sea snake (shapeshifter) (WizLab)
  A spectral anaconda (Crypt:3)
  A glowing orange brain (shapeshifter) (Depths:3)
  A cherub (Depths:3)
  A shadow demon (Depths:1)
  7 flayed ghosts
  5 spriggan druids
  35 deep trolls
  3 glowing orange brains
  An anaconda zombie (Hell)
  A bunyip zombie (Crypt:2)
  A swamp dragon (Swamp:3)
  2 sun moths (Pan)
  3 bog bodies
  6 arcanists
  7 naga ritualists
  A golden dragon skeleton (Crypt:3)
  19 ironbound convokers
  2 orc knights
  8 lindwurms
  11 deep elf archers
  5 harpies
  16 deep elf zephyrmancers
  5 necromancers
  9 phantasmal warriors
  27 deep elf pyromancers
  2 manticores (shapeshifter)
  An orc sorcerer (D:10)
  A wolf spider (D:14)
  A shadow dragon skeleton (Vaults:3)
  A shining eye (Slime:5)
  An alligator zombie (Hell)
  2 manticores
  A mana viper (shapeshifter) (Depths:3)
  6 mana vipers
  A frost giant zombie (Depths:1)
  An oklob plant (D:11)
  12 moths of wrath
  An ugly thing (shapeshifter) (Depths:3)
  A cyclops (shapeshifter) (WizLab)
  2 human zombies (Vaults:1)
  A moth of wrath (shapeshifter) (WizLab)
  5 cyclopes
  4 meliai
  13 salamanders
  22 ugly things
  Maurice (D:11)
  7 will-o-the-wisps
  A fire giant skeleton (Crypt:2)
  3 stone giant skeletons
  14 elephants
  A black mamba (shapeshifter) (D:10)
  A guardian serpent (Lair:3)
  A torpor snail (Lair:4)
  A frost giant skeleton (Depths:1)
  An alligator snapping turtle zombie (Tomb:1)
  18 naga magi
  An ice statue (Hell)
  17 vault sentinels
  A water nymph (Zig:3)
  2 smoke demons
  The ghost of Amplified the Trooper, a novice DsMo (D:5)
  4 orange demons (Pan)
  8 rust devils (Depths:1)
  4 kobold blastminers
  37 black mambas
  10 large abominations
  3 hellions
  5 rime drakes
  14 cane toads
  A yaktaur zombie (Vaults:1)
  A naga skeleton (Crypt:2)
  3 sea snake zombies
  An elephant slug zombie (Crypt:1)
  2 kobold demonologists (D:12)
  A swamp worm zombie (Crypt:2)
  12 freezing wraiths
  5 guardian mummies (Tomb:1)
  An anaconda simulacrum (IceCv)
  An ancient zyme (Zig:2)
  10 komodo dragons
  A tormentor (Pan)
  39 yaktaurs
  2 harpy zombies (Crypt:2)
  3 human skeletons (Vaults:3)
  A sea snake skeleton (Hell)
  2 merfolk (shapeshifter) (WizLab)
  3 tengu conjurers
  3 yaktaur skeletons
  2 ice devils
  4 tyrant leeches
  2 red devils
  12 hornets
  12 trolls
  2 hellwings (Pan)
  2 bloated husks
  4 harpy skeletons
  3 polar bears (Lair:5)
  A jumping spider zombie (Crypt:1)
  A hydra skeleton (Hell)
  5 glass eyes
  A raiju (shapeshifter) (D:15)
  5 blink frogs
  A fire giant simulacrum (Depths:1)
  3 air elementals (Elf:3)
  43 slime creatures
  A jumping spider (shapeshifter) (WizLab)
  2 shadows
  66 yaks
  A fire dragon skeleton (Crypt:2)
  3 ushabtiu (Tomb:1)
  4 ynoxinuls (Pan)
  2 black mamba skeletons (Crypt:1)
  14 wraiths
  5 hogs (Lair:3)
  9 water elementals
  7 fire elementals
  4 wyverns
  2 fire bats (Lair:1)
  5 golden eyes
  3 steam dragons
  4 swamp worm simulacra (Swamp:4)
  2 iron golems
  3 wargs (Orc:1)
  3 neqoxecs
  A glowing shapeshifter zombie (Crypt:2)
  11 vampire mosquitoes
  A naga (shapeshifter) (Depths:2)
  A fire bat zombie (Crypt:1)
  41 nagas
  An acid dragon (D:9)
  8 small abominations
  3 swamp worms (shapeshifter)
  13 water moccasins
  9 swamp worms
  7 hell hounds
  2 deep troll zombies
  A two-headed ogre skeleton (Crypt:1)
  A glowing shapeshifter skeleton (Vaults:3)
  14 hydra simulacra
  Duvessa (D:5)
  50 orc warriors
  A black bear (D:5)
  3 ice beasts
  19 wolves
  13 laughing skulls (Crypt:3)
  9 ogres
  8 centaurs
  2 phantoms
  A weeping skull (Crypt:3)
  5 kobold brigands
  12 bullfrogs
  3 gnoll sergeants
  4 necrophages
  5 wights (D:8)
  Dowan (D:5)
  A human simulacrum (Vaults:1)
  13 killer bees
  An electric eel (D:7)
  5 howler monkeys
  8 bullfrog zombies (Ossuary)
  12 orc priests
  A hound (D:6)
  6 jellies
  A black bear skeleton (Crypt:2)
  2 gnoll boudas
  An iguana (D:4)
  25 mummies
  9 hell rats (Depths:1)
  14 orc wizards
  A killer bee zombie (Ossuary)
  3 crocodile zombies (Ossuary)
  3 hound zombies (Ossuary)
  An acid dragon skeleton (Crypt:1)
  5 howler monkey zombies (Ossuary)
  9 adders
  19 gnolls
  A howler monkey skeleton (Crypt:2)
  4 white imps
  7 ufetubi
  4 swamp drake simulacra (Swamp:4)
  3 dart slugs
  3 ribbon worms
  86 orcs
  13 endoplasms
  12 giant cockroaches
  16 goblins
  10 hobgoblins
  12 quokkas
  16 ball pythons
  7 ball python zombies (Ossuary)
  3 bats
  11 frilled lizards
  12 kobolds
  5 rats
  2 aspiring fleshes
  A tentacle (Hell)
2207 creatures vanquished.

Vanquished Creatures (collateral kills)
  An orb of fire (Zot:5)
  An ancient lich (Zot:5)
  The ghost of dolemite99 the Warrior, a veteran DrFE of Okawaru (Vaults:1)
  Margery (Vaults:3)
  A profane servitor (Crypt:3)
  A hellephant (Vaults:1)
  A tentacled monstrosity (Vaults:1)
  3 Orb Guardians (Zot:5)
  Mlioglotl (Snake:3)
  Frances (Snake:2)
  A storm dragon (Zot:5)
  Donald (Snake:1)
  A revenant (Crypt:3)
  A cacodemon (Vaults:1)
  An orc warlord (Vaults:1)
  A demonspawn blood saint (Pan)
  2 very ugly things
  A quicksilver ooze (shapeshifter) (WizLab)
  3 vampire knights (Crypt:3)
  A demonspawn black sun (Pan)
  A white draconian (Zot:5)
  A purple draconian (Zot:5)
  4 jiangshi (Crypt:3)
  A mummy priest (Tomb:1)
  A great orb of eyes (Vaults:1)
  A deep elf high priest (Elf:1)
  4 vault guards (D:14)
  A boulder beetle (D:13)
  2 radroaches (WizLab)
  2 death scarabs (Tomb:1)
  A thrashing horror (Vaults:1)
  A vampire mage (Crypt:3)
  3 shadow wraiths (Crypt:3)
  A salamander mystic (Snake:2)
  A skeletal warrior (Crypt:1)
  A steelbarb worm (shapeshifter) (WizLab)
  A glowing orange brain (Vaults:1)
  2 large abominations (WizLab)
  2 sea snakes (Snake:3)
  A flayed ghost (Crypt:3)
  A necromancer (Crypt:3)
  A glowing shapeshifter (WizLab)
  An orc knight (Bailey)
  A moth of wrath (Zot:5)
  A water nymph (shapeshifter) (Vaults:1)
  2 black mambas
  An elephant (Lair:3)
  A hellion (Vaults:1)
  A yaktaur (shapeshifter) (WizLab)
  A glass eye (WizLab)
  A slime creature (shapeshifter) (WizLab)
  2 wraiths (Crypt:3)
  2 shadows (Crypt:3)
  2 hogs (Lair:3)
  A fire elemental (Orc:2)
  A swamp worm (Zot:5)
  3 hell hounds
  A water moccasin (Lair:4)
  2 orc warriors (Bailey)
  A laughing skull (Crypt:3)
  4 burial acolytes (Crypt:3)
  A jelly (D:4)
  A mummy (Tomb:1)
  2 gnolls (Bailey)
  A white imp (D:7)
  5 orcs
  3 goblins (Bailey)
  2 hobgoblins (Bailey)
  An aspiring flesh (Zot:5)
104 creatures vanquished.

Vanquished Creatures (others)
  A deep elf blademaster (Elf:3)
  A deep elf zephyrmancer (Elf:3)
  A necromancer (Hell)
  A will-o-the-wisp (Swamp:4)
  A tengu conjurer (D:13)
  An air elemental (Elf:3)
  A redback (shapeshifter) (Depths:3)
  A hell hound (Orc:2)
  A centaur (Orc:2)
  A hell rat (Hell)
  14 foxfires
  4 spectral weapons
  4 starspawn tentacles (Pan)
  3 tentacles (Hell)
35 creatures vanquished.

Grand Total: 2346 creatures vanquished

Notes
Turn   | Place    | Note
-------+----------+-------------------------------------------
     0 | D:1      | Colgate the Demonspawn Gladiator began the quest for the
                  | Orb.
     0 | D:1      | Reached XP level 1. HP: 16/16 MP: 1/1
   252 | D:1      | Gained mutation: You sometimes gain a little power by
                  | taking damage. [demonic ancestry]
   252 | D:1      | Reached XP level 2. HP: 22/22 MP: 2/2
  1713 | D:2      | Reached XP level 3. HP: 15/27 MP: 3/3
  1943 | D:3      | Found a glowing drain.
  1955 | Sewer    | Entered a sewer
  2120 | Sewer    | Gained mutation: When seriously injured, your blood forms
                  | armour. (AC +12) [demonic ancestry]
  2120 | Sewer    | Reached XP level 4. HP: 33/33 MP: 4/4
  2329 | Sewer    | Noticed a bullfrog
  2329 | Sewer    | Noticed a bullfrog
  2341 | Sewer    | Killed a bullfrog
  2342 | Sewer    | Reached skill level 5 in Staves
  2342 | Sewer    | Reached XP level 5. HP: 23/38 MP: 5/5
  3214 | D:4      | Found Celemet's General Store.
  3275 | D:4      | Bought 5 datura-tipped darts for 54 gold pieces
  3284 | D:4      | Found a staircase to the Ecumenical Temple.
  3293 | Temple   | Entered the Ecumenical Temple
  3308 | Temple   | Became a worshipper of Makhleb the Destroyer
  3382 | D:4      | Reached skill level 1 in Armour
  3382 | D:4      | Gained mutation: When seriously injured, your blood forms
                  | thick armour. (AC +12) [demonic ancestry]
  3382 | D:4      | Reached XP level 6. HP: 44/44 MP: 6/6
  3502 | D:4      | Found a shadowy altar of Dithmenos.
  3897 | D:4      | Found a snail-covered altar of Cheibriados.
  4037 | D:4      | Found an opulent altar of Gozag.
  4077 | D:5      | Entered Level 5 of the Dungeon
  4077 | D:5      | Noticed an ice beast
  4077 | D:5      | Found a shimmering blue altar of Sif Muna.
  4307 | D:5      | Killed an ice beast
  4308 | D:5      | Gained mutation: You may rarely emit foul miasma when
                  | damaged in melee. [demonic ancestry]
  4308 | D:5      | Reached XP level 7. HP: 52/52 MP: 7/7
  4356 | D:5      | Noticed Duvessa
  4362 | D:5      | Noticed Dowan
  4372 | D:5      | Killed Duvessa
  4383 | D:5      | Killed Dowan
  4390 | D:5      | Found a runed translucent door.
  4391 | D:5      | Noticed Amplified's ghost (novice DsMo)
  4631 | D:5      | Found a sand-covered staircase.
  4640 | Ossuary  | Entered an ossuary
  4735 | Ossuary  | Gained mutation: You have large cloven feet. [demonic
                  | ancestry]
  4735 | Ossuary  | Reached XP level 8. HP: 54/59 MP: 8/8
  4798 | Ossuary  | Reached * piety under Makhleb
  5160 | Ossuary  | Reached skill level 5 in Fighting
  5349 | Ossuary  | Reached ** piety under Makhleb
  5464 | D:5      | Identified the +6 quarterstaff "Lyorphyx" {freeze, Str+3
                  | Int-3 Dex+6 SInv}
  5899 | D:6      | Reached skill level 1 in Invocations
  6070 | D:6      | Found an iron altar of Okawaru.
  6406 | D:6      | Found a hazy altar of Hepliaklqana.
  6680 | D:7      | Found a broken altar of Ashenzari.
  6696 | D:7      | Reached XP level 9. HP: 50/72 MP: 9/12
  6699 | D:7      | Reached skill level 5 in Invocations
  6948 | D:7      | Reached *** piety under Makhleb
  7017 | D:7      | Found a flagged portal.
  7026 | Bailey   | Entered a bailey
  7516 | Bailey   | Noticed an orc knight
  7533 | Bailey   | Killed an orc knight
  7590 | Bailey   | Noticed an orc warlord
  7608 | Bailey   | Killed an orc warlord
  7609 | Bailey   | Reached skill level 10 in Staves
  7609 | Bailey   | Gained mutation: When seriously injured, your blood forms
                  | very thick armour. (AC +12) [demonic ancestry]
  7609 | Bailey   | Reached XP level 10. HP: 48/79 MP: 5/13
  7963 | Bailey   | Noticed an orc knight
  7971 | Bailey   | Killed an orc knight
  8829 | D:8      | Reached **** piety under Makhleb
  8874 | D:8      | Found a blossoming altar of Fedhas.
  9000 | D:8      | Reached XP level 11. HP: 75/89 MP: 11/14
  9053 | D:8      | Reached skill level 5 in Armour
  9086 | D:8      | Found a staircase to the Lair.
  9092 | Lair:1   | Entered Level 1 of the Lair of Beasts
  9539 | Lair:1   | Found a transporter.
  9598 | Lair:1   | Reached ***** piety under Makhleb
  9899 | Lair:1   | Found a transporter.
 10185 | Lair:1   | Noticed a fire crab
 10277 | Lair:2   | Noticed an eight-headed hydra
 10287 | Lair:2   | Killed an eight-headed hydra
 10495 | Lair:2   | Gained mutation: You have hoof-like feet. [demonic
                  | ancestry]
 10495 | Lair:2   | Reached XP level 12. HP: 95/95 MP: 15/15
 10548 | Lair:2   | Reached skill level 1 in Evocations
 10863 | Lair:2   | Reached skill level 10 in Fighting
 10994 | Lair:2   | Found a staircase to the Swamp.
 11237 | Lair:3   | Found a staircase to the Snake Pit.
 11374 | Lair:3   | Noticed Snorg
 11386 | Lair:3   | Killed Snorg
 11502 | Lair:3   | Identified the +1 leather armour of Whack-A-Mole {*Slow
                  | Will+ Str+3}
 11613 | Lair:3   | Noticed a boulder beetle
 11629 | Lair:3   | Killed a boulder beetle
 11823 | Lair:3   | Reached skill level 10 in Invocations
 12087 | Lair:3   | Noticed Kirke
 12102 | Lair:3   | Reached XP level 13. HP: 80/104 MP: 18/21
 12115 | Lair:3   | Killed Kirke
 13140 | Lair:5   | Entered Level 5 of the Lair of Beasts
 13140 | Lair:5   | Noticed Sonja
 13297 | D:4      | Bought a scroll of enchant armour for 90 gold pieces
 13297 | D:4      | Bought a scroll of identify for 24 gold pieces
 13297 | D:4      | Bought a scroll of teleportation for 36 gold pieces
 13297 | D:4      | Bought a potion of brilliance for 48 gold pieces
 13309 | D:4      | Gained mutation: You sometimes emit foul miasma when
                  | damaged in melee. [demonic ancestry]
 13309 | D:4      | Reached XP level 14. HP: 119/119 MP: 23/23
 13352 | D:5      | Killed Amplified's ghost
 13907 | Lair:4   | Found a staircase to the Slime Pits.
 14370 | Lair:5   | Killed Sonja
 14935 | Lair:5   | Got the Tome of the Wendigo
 15023 | Lair:5   | Reached skill level 15 in Invocations
 15029 | Lair:5   | Identified the +2 trident "Ruoguc" {venom, rElec rF++
                  | Str-5}
 15047 | Lair:5   | Got the Papyrus of the Supportive Wyrd
 15048 | Lair:5   | Identified the +1 chain mail of Okawaru's Generosity {rF+
                  | rC+++ Will- Str-5}
 15213 | Lair:5   | Noticed Josephine
 15232 | Lair:5   | Killed Josephine
 15624 | Lair:5   | Gained mutation: You have hooves in place of feet. [demonic
                  | ancestry]
 15624 | Lair:5   | Reached XP level 15. HP: 122/127 MP: 23/27
 16356 | D:8      | Found a blossoming altar of Fedhas.
 16499 | D:8      | Found a staircase to the Lair.
 16635 | D:9      | Found an ancient bone altar of Kikubaaqudgha.
 16761 | D:9      | Reached ****** piety under Makhleb
 17253 | D:9      | Found a sacrificial altar of Ru.
 17350 | D:10     | Entered Level 10 of the Dungeon
 17568 | D:10     | Reached skill level 15 in Fighting
 17594 | D:10     | Found a stormy altar of Qazlal.
 18022 | D:10     | Found a staircase to the Orcish Mines.
 18695 | D:11     | Noticed Fannar
 18697 | D:11     | Noticed Maurice
 18700 | D:11     | Noticed Nergalle
 18721 | D:11     | Killed Nergalle
 18733 | D:11     | Killed Maurice
 18740 | D:11     | Killed Fannar
 18961 | D:11     | Found a blossoming altar of Fedhas.
 20200 | D:12     | Noticed Urug
 20209 | D:12     | Killed Urug
 20302 | D:12     | You fall into a shaft and drop 1 floor!
 20540 | D:13     | Reached skill level 10 in Armour
 20908 | D:13     | Found Nyfius's Antique Weapon Shop.
 21494 | Orc:1    | Entered Level 1 of the Orcish Mines
 21948 | Orc:1    | Found Mybeimow's Assorted Antiques.
 21974 | Orc:2    | Entered Level 2 of the Orcish Mines
 22581 | Orc:2    | Noticed Erolcha
 23833 | Orc:2    | Killed Erolcha
 23916 | Orc:2    | Noticed Azrael
 25103 | Orc:2    | Found a staircase to the Elven Halls.
 25410 | Orc:2    | Killed Azrael
 26048 | Orc:2    | Found Itwahoe's Distillery.
 26050 | Orc:2    | Found Ithirea's Book Emporium.
 26052 | Orc:2    | Found Xot Kasm's Assorted Antiques.
 26715 | Orc:2    | Bought a viscous ruby potion for 25 gold pieces
 26715 | Orc:2    | Bought a granite ring for 140 gold pieces
 26715 | Orc:2    | Bought a scroll of butterflies for 112 gold pieces
 26715 | Orc:2    | Bought a forked gold wand for 112 gold pieces
 26719 | Orc:2    | Bought a potion of berserk rage for 55 gold pieces
 26872 | D:13     | Bought a lajatang for 420 gold pieces
 26873 | D:13     | Identified 3 scrolls of acquirement
 26873 | D:13     | Acquired the ring "Asen" {rPois Will+ Str+6 Int+2}
 26875 | D:13     | Acquired a manual of Fighting
 26877 | D:13     | Acquired a manual of Fighting
 27373 | D:13     | Gained mutation: Your presence sometimes corrodes those you
                  | injure. [demonic ancestry]
 27373 | D:13     | Reached XP level 16. HP: 136/136 MP: 26/29
 27647 | D:13     | Found Nyfius's Antique Weapon Shop.
 28665 | D:14     | Found a gate to the Vaults.
 29451 | D:15     | Entered Level 15 of the Dungeon
 30437 | D:15     | Found a staircase to the Depths.
 31200 | Snake:1  | Entered Level 1 of the Snake Pit
 31200 | Snake:1  | Found Qyorgh's Magic Scroll Shop.
 32377 | Snake:1  | Bought a scroll of enchant armour for 127 gold pieces
 32377 | Snake:1  | Bought a scroll of enchant weapon for 127 gold pieces
 32930 | Snake:1  | Noticed Louise
 32940 | Snake:1  | Killed Louise
 33503 | Snake:1  | Noticed Donald
 33512 | Snake:1  | Killed Donald
 34580 | Snake:2  | Found a frozen archway.
 34616 | IceCv    | Entered an ice cave
 35330 | Snake:2  | Noticed Frances
 35355 | Snake:2  | Killed Frances
 35541 | Snake:2  | Identified the serpent talisman of Defiance {Str+2}
 35541 | Snake:2  | Noticed Aizul
 35550 | Snake:2  | Killed Aizul
 35801 | Snake:2  | Reached XP level 17. HP: 127/160 MP: 27/30
 36085 | Snake:2  | Found Simuic's Book Shoppe.
 36374 | Snake:2  | Noticed Jorgrun
 36379 | Snake:2  | Killed Jorgrun
 37044 | Snake:2  | Found Joqeh's Distillery.
 37044 | Snake:2  | Found Nuodir's Jewellery Shoppe.
 37045 | Snake:2  | Found Ciafryxt's Magic Scroll Emporium.
 37047 | Snake:2  | Found Quyxymn's Antique Armour Shoppe.
 37379 | Snake:2  | Bought a scroll of enchant weapon for 112 gold pieces
 37380 | Snake:2  | Bought a scroll of amnesia for 60 gold pieces
 37384 | Snake:2  | Bought a potion of magic for 120 gold pieces
 37388 | Snake:2  | Bought a scroll of identify for 30 gold pieces
 37392 | Snake:2  | Bought a potion of resistance for 150 gold pieces
 37554 | Orc:2    | Bought a potion of curing for 33 gold pieces
 37554 | Orc:2    | Bought a potion of curing for 33 gold pieces
 37554 | Orc:2    | Bought a potion of curing for 33 gold pieces
 37554 | Orc:2    | Bought a potion of heal wounds for 55 gold pieces
 37554 | Orc:2    | Bought a potion of curing for 33 gold pieces
 37705 | Snake:2  | Bought a potion of curing for 45 gold pieces
 37705 | Snake:2  | Bought a potion of curing for 45 gold pieces
 37705 | Snake:2  | Bought a potion of heal wounds for 75 gold pieces
 37705 | Snake:2  | Bought a potion of curing for 45 gold pieces
 37705 | Snake:2  | Bought a potion of curing for 45 gold pieces
 37705 | Snake:2  | Bought a potion of invisibility for 120 gold pieces
 41479 | Snake:3  | Noticed Mlioglotl
 41489 | Snake:3  | Killed Mlioglotl
 41727 | Snake:3  | Noticed Nikola
 41735 | Snake:3  | Killed Nikola
 42165 | Snake:3  | Noticed Saint Roka
 42180 | Snake:3  | Killed Saint Roka
 42760 | Snake:4  | Entered Level 4 of the Snake Pit
 43539 | Snake:4  | Noticed Roxanne
 47030 | Snake:4  | Reached skill level 5 in Evocations
 48219 | Snake:4  | Got a serpentine rune of Zot
 49715 | Snake:4  | Killed Roxanne
 49716 | Snake:4  | Gained mutation: You sometimes gain power by taking damage.
                  | [demonic ancestry]
 49716 | Snake:4  | Reached XP level 18. HP: 165/173 MP: 29/32
 50640 | Swamp:1  | Entered Level 1 of the Swamp
 50870 | Swamp:1  | Acquired the amulet of Zola {Acrobat rC+ Regen+}
 52305 | Swamp:4  | Entered Level 4 of the Swamp
 53090 | Swamp:4  | Reached skill level 5 in Stealth
 55860 | Swamp:4  | Got a decaying rune of Zot
 56697 | Elf:1    | Entered Level 1 of the Elven Halls
 58012 | Elf:1    | Found a portal to a secret trove of treasure.
 59593 | Elf:1    | HP: 8/173 [burnt (13)]
 59972 | Elf:1    | Reached skill level 10 in Evocations
 60288 | Elf:2    | Found a runed translucent gate.
 60288 | Elf:2    | Found a runed translucent gate.
 60288 | Elf:2    | Found a runed translucent gate.
 60341 | Elf:2    | Reached XP level 19. HP: 168/180 MP: 33/33
 60816 | Elf:2    | Noticed Norris
 60828 | Elf:2    | Killed Norris
 61196 | Elf:3    | Entered Level 3 of the Elven Halls
 61208 | Elf:3    | Paralysed by an air elemental for 1 turns
 61210 | Elf:3    | Paralysed by an air elemental for 1 turns
 61500 | Elf:3    | Paralysed by an air elemental for 1 turns
 62145 | Elf:3    | Found an ancient bone altar of Kikubaaqudgha.
 64057 | Elf:3    | HP: 2/180 [deep elf master archer/arrow (21)]
 64078 | Elf:3    | HP: 2/180 [deep elf annihilator/bolt of lightning (28)]
 64572 | Elf:3    | Identified the +6 dagger of the Magi {freeze, Fly Int+4
                  | Dex+3}
 64604 | Elf:3    | Identified the +6 morningstar "Mioph" {pain, rF+ rC-
                  | Will+++ SInv}
 64962 | Elf:3    | Noticed a Tzitzimitl
 65174 | Elf:3    | Noticed a Brimstone Fiend
 65188 | Elf:3    | Got the Vademecum on the Band
 65230 | Elf:3    | Got the Vellum of the Final Lives
 65266 | Elf:3    | Found the +18 shield of the Gong {Loud rN+ Will+ rCorr
                  | EV-5}
 65269 | Elf:3    | Paralysed by an air elemental for 1 turns
 65298 | Elf:3    | Identified the +4 longbow of the Dozen Beasts {flame,
                  | +Blink Fly rElec}
 65420 | Elf:3    | Identified the maw talisman of Charmed Miracles {*Slow
                  | Will+ Int+2}
 66012 | Lair:1   | Identified the +12 rapier of Charity {flame, rPois}
 66013 | Lair:1   | Identified the -2 pair of gloves of Makhleb's Esteem {Harm
                  | Regen+}
 66342 | Vaults:1 | Entered Level 1 of the Vaults
 66681 | Vaults:1 | Reached skill level 15 in Evocations
 66807 | Vaults:1 | Found a transporter.
 66815 | Vaults:1 | Found a transporter.
 66815 | Vaults:1 | Noticed a hellephant
 66833 | Vaults:1 | Killed a hellephant
 66958 | Vaults:1 | Noticed dolemite99's ghost (veteran DrFE)
 66965 | Vaults:1 | Found a one-way gate to the infinite horrors of the Abyss.
 66999 | Vaults:1 | Killed dolemite99's ghost
 67200 | Vaults:1 | Noticed Asterion
 67207 | Vaults:1 | Killed Asterion
 67308 | Vaults:1 | Reached XP level 20. HP: 188/188 MP: 34/34
 67545 | Vaults:1 | Reached skill level 5 in Throwing
 68550 | Vaults:2 | Identified the +1 robe of the Merchant {*Corrode Dex+4}
 69007 | Vaults:2 | Found Koerail's Magic Scroll Shoppe.
 70749 | Vaults:3 | Found a staircase to the Crypt.
 71224 | Vaults:3 | Got the Handbook of Force
 71385 | Vaults:3 | Noticed Margery
 71413 | Vaults:3 | Reached XP level 21. HP: 180/201 MP: 36/36
 71510 | Vaults:3 | Killed Margery
 71985 | Vaults:3 | Noticed a dread lich
 72427 | Vaults:3 | Found the +8 storm bow {elec, penet}
 72522 | Vaults:3 | Killed a dread lich
 72661 | Vaults:3 | Found Avur's Assorted Antiques.
 73285 | Vaults:4 | Found Duatowna's Armour Boutique.
 73753 | Vaults:4 | Reached skill level 15 in Armour
 75127 | Vaults:4 | Found Duatowna's Armour Boutique.
 75798 | Vaults:3 | Bought a bronze ring for 185 gold pieces
 75885 | Vaults:3 | Found a staircase to the Crypt.
 76328 | Vaults:3 | Found Avur's Assorted Antiques.
 76818 | Crypt:1  | Entered Level 1 of the Crypt
 77414 | Crypt:1  | Identified the +3 mace of Esovub {venom, rC+ Int-2 Dex+6}
 78400 | Crypt:2  | Found a magical portal.
 78416 | WizLab   | Entered Cigotuvi's Fleshworks
 78660 | WizLab   | Identified the dragon-blood talisman "Gagiek" {rN+ Will+
                  | Str+3}
 78664 | WizLab   | Got Cigotuvi's Enchiridion on Grim Toxicology
 78964 | WizLab   | Reached skill level 27 in Fighting
 78974 | WizLab   | Found the +4 Cigotuvi's embrace {Corpsefed rMiasma ^Drain
                  | rN+}
 79022 | WizLab   | Gained mutation: You are powered by pain. [demonic
                  | ancestry]
 79022 | WizLab   | Reached XP level 22. HP: 212/212 MP: 37/37
 79417 | Crypt:2  | Noticed Zenata
 79432 | Crypt:2  | Killed Zenata
 80281 | Crypt:3  | Entered Level 3 of the Crypt
 80703 | Crypt:3  | Found a basalt altar of Yredelemnul.
 81033 | Crypt:3  | Identified the +0 helmet of the Wasteland {Regen+ Dex+3}
 81087 | Crypt:3  | Identified the +7 tower shield of Rujah {+Blink rPois rF-}
 81087 | Crypt:3  | Noticed Mennas
 81094 | Crypt:3  | Killed Mennas
 81262 | Crypt:3  | Got the Incunabulum of Bombardment
 81457 | Crypt:3  | Noticed Jory
 81481 | Crypt:3  | Killed Jory
 81602 | Crypt:3  | Found a staircase to the Tomb.
 81640 | Tomb:1   | Entered Level 1 of the Tomb of the Ancients
 86618 | Tomb:1   | Glimpsed the power of Zot.
 86665 | Tomb:1   | Reached XP level 23. HP: 189/219 MP: 39/39
 86926 | Crypt:3  | Upgraded the game from 0.31-a0-1511-g961fd35ebc to
                  | 0.31-a0-1529-g7bd419a0e5
 87241 | Depths:1 | Entered Level 1 of the Depths
 87241 | Depths:1 | Found Budum's Self-Improvement Boutique.
 87901 | Depths:1 | Acquired a manual of Armour
 88142 | Depths:1 | You fall into a shaft and drop 1 floor!
 88338 | Depths:2 | Found a runed translucent gate.
 88340 | Depths:2 | Found a runed translucent gate.
 88342 | Depths:2 | Found a runed translucent gate.
 88735 | Depths:1 | Found a one-way gate leading to the halls of Pandemonium.
 88823 | Depths:1 | Found a gateway to Hell.
 88942 | Depths:2 | Reached skill level 27 in Invocations
 89171 | Depths:2 | Noticed jazmu's ghost (adept DgHu)
 90118 | Depths:2 | Identified the +2 short sword "Ydduarus" {speed, rPois rC+}
 90118 | Depths:2 | Identified the +0 robe of Qacsoyck {+Inv rCorr Int-5}
 91960 | Depths:2 | Found a runed translucent gate.
 91962 | Depths:2 | Found a runed translucent gate.
 91964 | Depths:2 | Found a runed translucent gate.
 95479 | Depths:3 | Found a one-way gateway to a ziggurat.
 95740 | Depths:4 | Entered Level 4 of the Depths
 95776 | Depths:4 | Noticed a caustic shrike
 95777 | Depths:4 | Noticed a caustic shrike
 95780 | Depths:4 | Noticed a caustic shrike
 96311 | Depths:4 | Noticed a caustic shrike
 96312 | Depths:4 | Noticed a caustic shrike
 96321 | Depths:4 | Killed a caustic shrike
 96321 | Depths:4 | Killed a caustic shrike
 96322 | Depths:4 | Killed a caustic shrike
 96330 | Depths:4 | Killed a caustic shrike
 96332 | Depths:4 | Killed a caustic shrike
 96333 | Depths:4 | Reached XP level 24. HP: 163/227 MP: 40/40
 98351 | Depths:4 | Found a gate to the Realm of Zot.
 98385 | Depths:4 | Found a gateway to a bazaar.
 98785 | Depths:4 | Found a gateway to a bazaar.
 98981 | Depths:4 | Found a gate to the Realm of Zot.
 99980 | Bazaar   | Entered a bazaar
100007 | Bazaar   | Found Koluimnuam's Distillery.
100023 | Bazaar   | Found Negrusuh's Magic Scroll Emporium.
100039 | Bazaar   | Found Hoaxil's Armour Emporium.
100039 | Bazaar   | Found Zenicvau's Armour Shoppe.
100098 | Bazaar   | Bought a scroll of blinking for 82 gold pieces
100098 | Bazaar   | Bought a scroll of blinking for 82 gold pieces
100112 | Bazaar   | Bought 2 potions of curing for 60 gold pieces
100112 | Bazaar   | Bought a potion of heal wounds for 50 gold pieces
100112 | Bazaar   | Bought a potion of might for 40 gold pieces
100112 | Bazaar   | Bought a potion of mutation for 80 gold pieces
100112 | Bazaar   | Bought a potion of mutation for 80 gold pieces
100112 | Bazaar   | Bought a potion of berserk rage for 50 gold pieces
100112 | Bazaar   | Bought a potion of curing for 30 gold pieces
100112 | Bazaar   | Bought a potion of haste for 100 gold pieces
100112 | Bazaar   | Bought a potion of invisibility for 80 gold pieces
100126 | Bazaar   | Bought a scroll of fog for 44 gold pieces
100726 | Depths:4 | Found a gate to the Realm of Zot.
100959 | D:14     | Found a gate to the Vaults.
101920 | Slime:1  | Entered Level 1 of the Pits of Slime
102058 | Slime:5  | Entered Level 5 of the Pits of Slime
103139 | Slime:5  | Noticed the Royal Jelly
103160 | Slime:5  | Killed the Royal Jelly
103823 | Slime:5  | Found the +4 consecrated labrys {holy, Valiant ^Fragile Fly
                  | SInv}
103830 | Slime:5  | Got a slimy rune of Zot
103839 | Slime:5  | Identified the +3 leather armour "Qoidug" {Dex+3}
103854 | Slime:5  | Got the Commentary on the Deathly Retinue
104202 | Slime:1  | Gained mutation: You occasionally lose the ability to drink
                  | potions when taking damage. [a shining eye]
104205 | Slime:1  | Gained mutation: You possess an exceptional clarity of
                  | mind. [a shining eye]
104223 | Lair:4   | Lost mutation: You occasionally lose the ability to drink
                  | potions when taking damage. [potion of mutation]
104223 | Lair:4   | Lost mutation: You possess an exceptional clarity of mind.
                  | [potion of mutation]
104223 | Lair:4   | Gained mutation: You passively map a small area around you.
                  | [potion of mutation]
104780 | Zig:1    | Entered Level 1 of a ziggurat
104854 | Zig:2    | Entered Level 2 of a ziggurat
104876 | Zig:2    | Identified the +5 great mace "Oppujoch" {heavy, Int+3}
104885 | Zig:3    | Entered Level 3 of a ziggurat
104918 | Zig:4    | Entered Level 4 of a ziggurat
105015 | Zig:4    | Identified the +1 ring mail of Sucko {Rampage *Corrode
                  | Str-4 Int+5 Dex+3}
105021 | Zig:4    | Identified the +0 chain mail of the Nexus {-Cast +Inv Will+
                  | Str+2}
105023 | Zig:4    | Identified the ring "Ompurerph" {*Slow rF+ Str+4}
105337 | Snake:1  | Bought a scroll of blinking for 127 gold pieces
105337 | Snake:1  | Bought a scroll of blinking for 127 gold pieces
105337 | Snake:1  | Bought a scroll of fog for 68 gold pieces
105337 | Snake:1  | Bought a scroll of teleportation for 51 gold pieces
105605 | Elf:1    | You paid a toll of 5 scrolls of fog to enter a treasure
                  | trove
105606 | Trove    | Entered a treasure trove
105608 | Trove    | Found the +5 robe of Night {Dark Will+ SInv}
105610 | Trove    | Identified the +0 robe of the Beekeeper {Str+3 SInv}
105618 | Trove    | Identified the +1 leather armour of the Tick {rElec rC-
                  | rCorr Str+8}
105626 | Trove    | Identified the +0 robe of Jecunew {Dex+4}
105631 | Trove    | Identified the +1 chain mail "Jech" {+Blink rC+ Slay+2}
105633 | Trove    | Identified the +2 buckler of a wizard's laboratory {Harm
                  | rPois Dex-2}
105635 | Trove    | Identified the +4 chain mail of Youthful Indiscretion
                  | {Rampage rElec}
105954 | Snake:2  | Bought a ring of willpower for 450 gold pieces
106358 | Hell     | Entered the Vestibule of Hell
106358 | Hell     | Noticed Murray
106371 | Depths:1 | Killed Murray
106609 | Hell     | Noticed Geryon
107074 | Hell     | Killed Geryon
108094 | Hell     | Found a gateway to the freezing wastes of Cocytus.
108189 | Hell     | Found a gateway to the ashen valley of Gehenna.
108300 | Hell     | Found a gateway to the Iron City of Dis.
108339 | Hell     | Found a gateway to the decaying netherworld of Tartarus.
108536 | Zot:1    | Entered Level 1 of the Realm of Zot
108804 | Zot:3    | Noticed Grunn
109003 | Zot:1    | Gained mutation: Your presence sometimes corrodes or
                  | deforms those you injure. [demonic ancestry]
109003 | Zot:1    | Reached XP level 25. HP: 230/234 MP: 40/40
109410 | Zot:3    | Killed Grunn
110185 | Zot:5    | Entered Level 5 of the Realm of Zot
110185 | Zot:5    | Found Esiysil's CLEARANCE SALE!.
110202 | Zot:5    | Bought 2 potions of might for 24 gold pieces
110202 | Zot:5    | Bought a scroll of fog for 12 gold pieces
110673 | Zot:5    | Noticed a Killer Klown
110677 | Zot:5    | Killed a Killer Klown
111154 | Vaults:2 | Bought a scroll of blinking for 150 gold pieces
111154 | Vaults:2 | Bought a scroll of teleportation for 60 gold pieces
111413 | Orc:1    | Bought a scroll of teleportation for 84 gold pieces
111554 | Snake:2  | Bought a scroll of fear for 60 gold pieces
111554 | Snake:2  | Bought 2 scrolls of revelation for 225 gold pieces
111920 | Vaults:3 | Bought a potion of heal wounds for 185 gold pieces
111920 | Vaults:3 | Bought a potion of curing for 111 gold pieces
112145 | Depths:1 | Bought a manual of Dodging for 1360 gold pieces
113947 | Zot:5    | Noticed an ancient lich
113958 | Zot:5    | Killed an ancient lich
113961 | Zot:5    | Reached skill level 5 in Dodging
114079 | Zot:5    | Noticed an orb of fire
114087 | Zot:5    | Noticed an orb of fire
114087 | Zot:5    | Gained mutation: You are vulnerable to cold. (rC-) [an orb
                  | of fire]
114088 | Zot:5    | Noticed an orb of fire
114089 | Zot:5    | Noticed a Killer Klown
114093 | Zot:5    | Killed an orb of fire
114093 | Zot:5    | Noticed an orb of fire
114096 | Zot:5    | Killed an orb of fire
114104 | Zot:5    | Killed an orb of fire
114106 | Zot:5    | Gained mutation: You are frail. (-10% HP) [an orb of fire]
114113 | Zot:5    | Killed an orb of fire
114131 | Zot:5    | Noticed an orb of fire
114132 | Zot:5    | Noticed an orb of fire
114136 | Zot:5    | Noticed an orb of fire
114138 | Zot:5    | Killed an orb of fire
114143 | Zot:5    | Gained mutation: You are weak. (Str -2) [an orb of fire]
114147 | Zot:5    | Noticed an orb of fire
114149 | Zot:5    | Noticed an orb of fire
114150 | Zot:5    | Noticed an orb of fire
114151 | Zot:5    | Noticed a Killer Klown
114152 | Zot:5    | Noticed an orb of fire
114152 | Zot:5    | Paralysed by a Zot trap for 2 turns
114154 | Zot:5    | Gained mutation: You have hidden genetic defects. [an orb
                  | of fire]
114155 | Zot:5    | Gained mutation: You sometimes lose your temper in combat.
                  | [an orb of fire]
114166 | Zot:5    | Killed an orb of fire
114167 | Zot:5    | Reached skill level 10 in Dodging
114181 | Zot:5    | Killed a Killer Klown
114267 | Zot:4    | Lost mutation: You have hidden genetic defects. [potion of
                  | mutation]
114267 | Zot:4    | Lost mutation: You are weak. (Str -2) [potion of mutation]
114267 | Zot:4    | Lost mutation: You sometimes lose your temper in combat.
                  | [potion of mutation]
114267 | Zot:4    | Gained mutation: Your flesh is heat resistant. (rF+)
                  | [potion of mutation]
114267 | Zot:4    | Gained mutation: You are dopey. (Int -2) [potion of
                  | mutation]
114268 | Zot:4    | Lost mutation: Your flesh is heat resistant. (rF+) [potion
                  | of mutation]
114268 | Zot:4    | Lost mutation: You are vulnerable to cold. (rC-) [potion of
                  | mutation]
114268 | Zot:4    | Lost mutation: You are frail. (-10% HP) [potion of
                  | mutation]
114268 | Zot:4    | Gained mutation: You have hidden genetic defects. [potion
                  | of mutation]
114268 | Zot:4    | Gained mutation: Your spells are a little harder to cast,
                  | but a little more powerful. [potion of mutation]
114269 | Zot:4    | Lost mutation: You are dopey. (Int -2) [potion of mutation]
114269 | Zot:4    | Lost mutation: You have hidden genetic defects. [potion of
                  | mutation]
114269 | Zot:4    | Lost mutation: You passively map a small area around you.
                  | [potion of mutation]
114269 | Zot:4    | Gained mutation: You passively map a small area around you.
                  | [potion of mutation]
114269 | Zot:4    | Gained mutation: You do not regenerate when monsters are
                  | visible. [potion of mutation]
114270 | Zot:4    | Lost mutation: You passively map a small area around you.
                  | [potion of mutation]
114270 | Zot:4    | Lost mutation: Your spells are a little harder to cast, but
                  | a little more powerful. [potion of mutation]
114270 | Zot:4    | Gained mutation: You possess an exceptional clarity of
                  | mind. [potion of mutation]
114270 | Zot:4    | Gained mutation: You have a somewhat thin skeletal
                  | structure. (Dex +2, Stealth+) [potion of mutation]
114270 | Zot:4    | Gained mutation: Your muscles are strong. (Str +4, Int/Dex
                  | -1) [potion of mutation]
114271 | Zot:4    | Lost mutation: You have a somewhat thin skeletal structure.
                  | (Dex +2, Stealth+) [potion of mutation]
114271 | Zot:4    | Lost mutation: Your muscles are strong. (Str +4, Int/Dex
                  | -1) [potion of mutation]
114271 | Zot:4    | Lost mutation: You do not regenerate when monsters are
                  | visible. [potion of mutation]
114271 | Zot:4    | Gained mutation: You are vulnerable to cold. (rC-) [potion
                  | of mutation]
114271 | Zot:4    | Gained mutation: Your flesh is heat resistant. (rF+)
                  | [potion of mutation]
114282 | Zot:4    | Gained mutation: You are weak. (Str -2) [an orb of fire]
114284 | Zot:4    | Killed an orb of fire
114481 | Zot:5    | Gained mutation: Your spells are a little harder to cast,
                  | but a little more powerful. [an orb of fire]
114483 | Zot:5    | Gained mutation: You have hidden genetic defects. [an orb
                  | of fire]
114498 | Zot:5    | Killed an orb of fire
114500 | Zot:5    | Gained mutation: You occasionally lose the ability to read
                  | scrolls when taking damage. [an orb of fire]
114502 | Zot:5    | Gained mutation: Your body sometimes deteriorates upon
                  | taking damage. [an orb of fire]
114505 | Zot:5    | Gained mutation: You are frail. (-10% HP) [an orb of fire]
114510 | Zot:5    | Gained mutation: You occasionally lose the ability to drink
                  | potions when taking damage. [an orb of fire]
114514 | Zot:5    | Lost mutation: You are weak. (Str -2) [an orb of fire]
114515 | Zot:5    | Killed an orb of fire
114521 | Zot:5    | Lost mutation: Your spells are a little harder to cast, but
                  | a little more powerful. [an orb of fire]
114522 | Zot:5    | Killed an orb of fire
114680 | Zot:5    | Lost mutation: You possess an exceptional clarity of mind.
                  | [potion of mutation]
114680 | Zot:5    | Lost mutation: You occasionally lose the ability to drink
                  | potions when taking damage. [potion of mutation]
114680 | Zot:5    | Lost mutation: You are frail. (-10% HP) [potion of
                  | mutation]
114680 | Zot:5    | Gained mutation: Your spells are a little harder to cast,
                  | but a little more powerful. [potion of mutation]
114680 | Zot:5    | Gained mutation: You expend magic power (3 MP) to
                  | strengthen your wands. [potion of mutation]
114681 | Zot:5    | Lost mutation: You have hidden genetic defects. [potion of
                  | mutation]
114681 | Zot:5    | Lost mutation: You are vulnerable to cold. (rC-) [potion of
                  | mutation]
114681 | Zot:5    | Lost mutation: Your flesh is heat resistant. (rF+) [potion
                  | of mutation]
114682 | Zot:5    | Lost mutation: You occasionally lose the ability to read
                  | scrolls when taking damage. [potion of mutation]
114682 | Zot:5    | Lost mutation: Your spells are a little harder to cast, but
                  | a little more powerful. [potion of mutation]
114682 | Zot:5    | Gained mutation: You occasionally lose the ability to drink
                  | potions when taking damage. [potion of mutation]
114683 | Zot:5    | Lost mutation: You expend magic power (3 MP) to strengthen
                  | your wands. [potion of mutation]
114683 | Zot:5    | Lost mutation: You occasionally lose the ability to drink
                  | potions when taking damage. [potion of mutation]
114683 | Zot:5    | Gained mutation: Your system is resistant to poisons.
                  | (rPois) [potion of mutation]
114683 | Zot:5    | Gained mutation: You expend magic power (3 MP) to
                  | strengthen your wands. [potion of mutation]
114684 | Zot:5    | Lost mutation: Your system is resistant to poisons. (rPois)
                  | [potion of mutation]
114684 | Zot:5    | Lost mutation: Your body sometimes deteriorates upon taking
                  | damage. [potion of mutation]
114684 | Zot:5    | Lost mutation: You expend magic power (3 MP) to strengthen
                  | your wands. [potion of mutation]
114684 | Zot:5    | Gained mutation: Your system is resistant to poisons.
                  | (rPois) [potion of mutation]
115633 | Zot:5    | Killed an orb of fire
115662 | Zot:5    | Killed a Killer Klown
116355 | Zot:5    | Gained mutation: You frequently emit foul miasma when
                  | damaged in melee. [demonic ancestry]
116355 | Zot:5    | Reached XP level 26. HP: 242/242 MP: 40/40
116689 | Zot:5    | Noticed a dread lich
116706 | Zot:5    | Killed a dread lich
117558 | Zot:5    | Found Esiysil's CLEARANCE SALE!.
118374 | Zot:5    | Got the Orb of Zot
118382 | Zot:5    | Noticed Toyzupyi the pandemonium lord
118631 | Pan      | Entered Pandemonium
118722 | Pan      | Paralysed by accursed screaming for 1 turns
118844 | Pan      | Reached skill level 15 in Dodging
118915 | Pan      | Found a runed translucent door.
119108 | Pan      | Entered the realm of Cerebov.
119717 | Pan      | Killed from afar by a Tzitzimitl

Illustrated notes

Levels and vault maps discovered:
D:1:      tarquinn_simple_flora_water_a, layout_basic
D:2:      layout_basic
D:3:      layout_basic, nicolae_elyvilon_temple_path, gup_sewer_entry_glass,
          st_stairs_5
D:4:      layout_loops_ring, grunt_temple_overflow_gold_and_silver,
          kennysheep_slug_shrine, mainiacjoe_overflow_concentric_impassable,
          minmay_temple_entry_statues_pillars, serial_shops, shop,
          minmay_misc_feat_chi, minmay_strange_pillars
D:5:      layout_rooms, mainiacjoe_overflow_catwalk,
          mainiacjoe_ossuary_entry_dusty_tomb, hellmonk_ghost_happy_afterlife,
          minmay_fractal_squares_gapless_5, uniq_duvessa
D:6:      layout_loops_cross, mainiacjoe_overflow_cross_hatched,
          okawaru_gym_becter, serial_glass, glass_columns_c, glass_columns_b,
          due_unseen_surprise, feat_on_display, minivault_10
D:7:      layout_cave_pools, cheibrodos_ashenzari_chains, enter_bailey_2,
          minivault_14
D:8:      minmay_spotlight, layout_rooms, mainiacjoe_overflow_brackets,
          hellmonk_lair_entry_icy, st_stairs_8, kennysheep_generic_room_7
D:9:      layout_rooms, nicolae_ru_the_path_less_chosen, general_overflow_altar,
          minivault_16
D:10:     layout_roguey, nicolae_tso_carved_into_rock,
          mainiacjoe_overflow_tiny_flanked,
          kennysheep_orc_monster_closet_entryway
D:11:     layout_rooms, tgw_fedhas, uniq_maurice, uniq_fannar, uniq_nergalle
D:12:     layout_loops_ring, uniq_urug
D:13:     layout_roguey, serial_shops, shop, einodemon_crawler_minivault
D:14:     minmay_glassy_protrusions, layout_irregular_city, erik_vaults_2,
          hangedman_decor_opposing, drop_trap, minmay_crystal_water
D:15:     grunt_enter_depths_snipers, layout_gridville,
          chequers_serial_rivers_micro_c, chequers_serial_rivers_micro_e
Temple:   hellmonk_temple_forest_ring
Lair:1:   gammafunk_cloud_chamber, layout_chaotic_city, gauntlet_entry_generic,
          minivault_11
Lair:2:   layout_regular_city, mainiacjoe_swamp_entry_angry_trees,
          beast_lair_carwin_4
Lair:3:   layout_roguey, guppyfry_snake_entry_island, uniq_snorg, uniq_kirke
Lair:4:   layout_small_grid, nicolae_slime_entry_slimehenge, st_stairs_11,
          small_statue_intersection, chequers_serial_rivers_large_a
Lair:5:   gammafunk_lair_ancient_temple, layout_cave_pods,
          grunt_forest_small_clearings, uniq_sonja, uniq_josephine
Swamp:1:  layout_basic_swamp, evilmike_swamp_ruin_rubble_1,
          nicolae_swamp_tree_isthmus
Swamp:2:  layout_basic_swamp, serial_swamp_ruin, evilmike_swamp_ruin_house_5,
          hangedman_swamp_ruin_wall, evilmike_swamp_ruin_house_1
Swamp:3:  layout_falls_marsh, infiniplex_staircase_pool_2
Swamp:4:  swamp_icy, layout_basic_swamp, swamp_pool_1_2,
          infiniplex_staircase_pool
Snake:1:  layout_layer_cave, serial_shops, shop, chequers_hall_statues_corner_a,
          serial_library_hellmonk_semicircle, uniq_louise, uniq_donald
Snake:2:  layout_chambers, serial_shops, nicolae_book_shop_shelving,
          portal_ice_cave_entry_pillars_four, minmay_shoptagon,
          lemuel_fruit_tree, uniq_frances, uniq_aizul, uniq_jorgrun
Snake:3:  layout_basic, serial_bayou_shore_a, nicolae_triple_integral,
          uniq_nikola, uniq_mlioglotl, uniq_saint_roka
Snake:4:  snake_pit, layout_basic, hangedman_snake_thin_pillar_pass,
          uniq_roxanne
Slime:1:  layout_caves
Slime:2:  layout_caves
Slime:3:  layout_caves
Slime:4:  layout_caves, uniq_dissolution
Slime:5:  slime_pit_nicolae_royal_road_to_ruin
Orc:1:    layout_caves, serial_shops, nicolae_shop_hallway_plus
Orc:2:    st_orc_rangers, layout_caves, minmay_orc_temple_b, uniq_erolcha,
          uniq_azrael
Elf:1:    layout_geoelf_grid, trove_entry_hex_spiral,
          kennysheep_underground_church, roderic_lattice_octagonal_star
Elf:2:    elven_hall_of_blades_hangedman_original
          [nicolae_blade_entry_floor_patterns], layout_loops_cross, uniq_norris
Elf:3:    minmay_elf_hall, layout_geoelf_grid, basic_altar
Vaults:1: gammafunk_ghost_abyssal_escape, hangedman_vaults_nodes,
          vaults_dpeg_emergency_exit, nicolae_vaults_layer_cake_slice,
          v_misc_11, v_alt_pattern_5, st_cross, ontoclasm_vaults_gateway,
          layout_vaults_big_room, uniq_asterion
Vaults:2: v_alt_pattern_2, nicolae_vaults_sightless_eye,
          nicolae_vaults_apartment_2, nicolae_vaults_shipping_containers_2,
          nicolae_vaults_mini_display_case, ontoclasm_vaults_claustrophobia,
          nicolae_vaults_trapezoid_lopsided_3, nicolae_vaults_tetromino_Z_1,
          vaults_dpeg_encased_lava, layout_vaults_omnigrid, serial_shops,
          nicolae_shop_rolled_up
Vaults:3: ontoclasm_vaults_spin, ontoclasm_vaults_hangar,
          minmay_crypt_entry_skeletal_spiral, nicolae_vaults_twisting_passages,
          nicolae_vaults_network_star, v_misc_3, v_misc_23,
          minmay_guarded_unrand_secular_launcher, nicolae_vaults_sealed_display,
          nicolae_vaults_heart-shaped_vault, nicolae_vaults_layer_cake_slice,
          layout_vaults_omnibox, serial_shops, nicolae_shop_trees, uniq_margery
Vaults:4: nicolae_vaults_hallways_thing, nicolae_vaults_alarming, v_misc_13,
          ontoclasm_vaults_ring_square, nicolae_vaults_big_ls,
          nicolae_vaults_ninety_degrees, v_misc_1, v_alt_pattern_3,
          nicolae_vaults_offset_grid_hallway_3, hangedman_vaults_nails,
          vaults_dpeg_diagonal, nicolae_vaults_layer_cake_slice, v_misc_25,
          v_misc_2, nicolae_vaults_tetromino_L_1, vaults_room_hallway,
          nicolae_vaults_lightning_bolt, layout_vaults_big_cross, serial_shops,
          shop
Crypt:1:  layout_misc_corridors, grunt_crypt_arrival_split
Crypt:2:  layout_misc_corridors, infiniplex_enter_wizlab_spiral,
          grunt_ministairs_13, serial_sigils_hangedman_quiver, uniq_zenata
Crypt:3:  grunt_crypt_end_deaths_head, uniq_mennas
Tomb:1
Depths:1: layout_cave_pools, grunt_pan_entry_sceptre, kennysheep_big_empty_room,
          pf_hell_entry_tar_spiral, nicolae_shop_self_help
Depths:2: minmay_the_grid_triangle_9x9_rhombus_thin_mashed
          [minmay_the_grid_triangle_9x9_warning,
          minmay_the_grid_triangle_9x9_prize_schism,
          minmay_the_grid_triangle_9x9_checkered,
          minmay_the_grid_triangle_9x9_dagger], layout_cave_shapes,
          rand_demon_pan_entry_5, pf_coc_iceberg, hangedman_decor_growths,
          gammafunk_ghost_tricky_traps
Depths:3: hangedman_crystal_crosses_colossus [crystal_crosses_arms_four,
          crystal_crosses_arms_four, crystal_crosses_arms_two,
          crystal_crosses_arms_two], abyss_entry, hell_entry, serial_shops
Depths:4: grunt_zot_entry_bicorn, layout_cave_pools, dk_noncrumbling_2,
          serial_shops, bzr_entry_lakeside, lightli_too_deep,
          minmay_statues_item
Hell
Zot:1:    layout_basic, st_stairs_3, skrybe_zot_glass_3
Zot:2:    layout_cellular_growth, gammafunk_ghost_grave, grunt_megastairs_3,
          uniq_josephina
Zot:3:    nicolae_zot_draconian_monastery, layout_twisted_circle,
          grunt_megastairs_4, uniq_grunn
Zot:4:    layout_cathedral_of_symmetry, hellmonk_ghost_big_iron,
          regret_index_zotdec_split_disrupt
Zot:5:    layout_gridlike, nicolae_shop_clearance
Pan:      evilmike_mini_pan_other_thingy, layout_basic, rand_demon_4,
          layout_irregular_city, pan_blood_fountain, nicolae_the_louvre,
          rand_demon_9, layout_long_grid, pan_surprise, evilmike_cerebov_lava,
          layout_cellular_growth

Skill      XL: |  1  2  3  4  5  6  7  8  9 10 11 12 13 14 15 16 17 18 19 20 21 22 23 24 25 26 |
---------------+-------------------------------------------------------------------------------+-----
Staves         | 3 4 5 6 7 8 10 12 14 | 14.0
Armour         | 1 2 4 7 10 11 13 15 16 21 23 24 | 24.1
Fighting       | 3 7 9 10 13 14 15 21 23 24 26 27 | 27.0
Stealth        | 2 3 5 6 |  6.0
Invocations    | 4 5 11 13 16 18 19 21 22 25 27 | 27.0
Evocations     | 3 5 10 15 16 19 | 19.0
Throwing       | 2 4 5 |  5.0
Dodging        | 13 15 | 15.0

Action                     |  1- 3 |  4- 6 |  7- 9 | 10-12 | 13-15 | 16-18 | 19-21 | 22-24 | 25-27 || total
---------------------------+-------+-------+-------+-------+-------+-------+-------+-------+-------++-------
  Melee: Quarterstaff      |   147 |   169 |   343 |   440 |  1031 |     6 |    33 |    37 |    42 ||  2248
         Kick              |       |       |    90 |   175 |   533 |   295 |   587 |   644 |   257 ||  2581
         Lajatang          |       |       |       |       |     5 |   800 |  1226 |  1332 |   550 ||  3913
  Throw: Throwing net      |       |     6 |       |       |       |       |       |       |       ||     6
         Dart              |       |     5 |    14 |     6 |       |       |     3 |       |       ||    28
         Javelin           |       |       |     2 |     1 |       |       |       |       |       ||     3
         Boomerang         |       |       |       |       |     1 |       |       |       |       ||     1
 Invoke: Minor Destruction |       |       |    66 |   180 |   521 |  1040 |   427 |   879 |   183 ||  3296
         Lesser Servant of |       |       |     3 |     6 |     2 |       |       |       |       ||    11
         Major Destruction |       |       |       |     3 |     6 |    26 |    42 |    28 |    17 ||   122
         Greater Servant o |       |       |       |     1 |     2 |     8 |    11 |    11 |    11 ||    44
  Evoke: Tin of tremorston |       |       |       |       |       |     2 |       |     2 |     2 ||     6
         Wand              |       |       |       |       |       |       |     2 |     8 |     7 ||    17
         Sack of spiders   |       |       |       |       |       |       |       |     1 |     1 ||     2
         Horn of Geryon    |       |       |       |       |       |       |       |       |     1 ||     1
         Phantom mirror    |       |       |       |       |       |       |       |       |     1 ||     1
    Use: Scroll            |       |       |       |       |    28 |    15 |     4 |    20 |    14 ||    81
         Potion            |       |       |       |       |     1 |     2 |     4 |     7 |    21 ||    35
   Stab: Held in net/web   |       |     2 |       |       |       |       |       |       |       ||     2
         Distracted        |       |       |       |    10 |    13 |     1 |     3 |     6 |    11 ||    44
         Invisible         |       |       |       |       |       |     2 |     3 |       |       ||     5
 Armour: Leather armour    |    13 |       |       |       |       |       |       |       |       ||    13
         Chain mail        |   117 |   138 |   274 |    27 |       |       |       |       |       ||   556
         Crystal plate arm |       |       |       |   324 |   993 |  1329 |  1124 |  2270 |   939 ||  6979
  Dodge: Dodged            |    77 |    74 |   118 |    57 |   253 |   288 |   440 |   938 |   441 ||  2686

Table legend: (Time is in decaauts)
 A = Elapsed time spent in this place.
 B = Non-inter-level travel time spent in this place.
 C = Inter-level travel time spent in this place.
 D = Time resting spent in this place.
 E = Time spent auto-exploring this place.
 F = Levels seen in this place.
 G = Mean time per level.
                   A        B        C        D        E       F      G
               +--------+--------+--------+--------+--------+-----+--------+
         Total | 118880 | 108100 |  10780 |  38152 |  50087 |  72 | 1651.1 |
       Dungeon |  20743 |  16665 |   4078 |    510 |  13388 |  15 | 1382.9 |
        Temple |     30 |      1 |     29 |      0 |      0 |   1 |   30.0 |
          Lair |   8297 |   7034 |   1263 |   1233 |   4482 |   5 | 1659.4 |
         Swamp |   6068 |   5795 |    273 |   3179 |   1964 |   4 | 1517.0 |
     Snake Pit |  18334 |  17691 |    643 |   6715 |   8718 |   4 | 4583.5 |
    Slime Pits |   2194 |   2075 |    119 |   1140 |    404 |   5 |  438.8 |
  Orcish Mines |   5235 |   4841 |    394 |   2641 |   1444 |   2 | 2617.5 |
   Elven Halls |   8837 |   8439 |    398 |   4695 |   2250 |   3 | 2945.7 |
        Vaults |  10817 |   9666 |   1151 |    913 |   6988 |   4 | 2704.2 |
         Crypt |   3969 |   3800 |    169 |    745 |   2008 |   3 | 1323.0 |
          Tomb |   5322 |   5249 |     73 |   4196 |      0 |   1 | 5322.0 |
        Depths |  13922 |  12426 |   1496 |   5569 |   4842 |   4 | 3480.5 |
          Hell |   1487 |   1465 |     22 |    745 |    385 |   1 | 1487.0 |
           Zot |   8625 |   7959 |    666 |   4964 |   1243 |   5 | 1725.0 |
   Pandemonium |   1090 |   1090 |      0 |    443 |     73 |   4 |  272.5 |
      Ziggurat |    224 |    224 |      0 |      3 |    119 |   4 |   56.0 |
        Bazaar |    174 |    174 |      0 |      0 |     82 |   1 |  174.0 |
         Trove |     71 |     71 |      0 |      0 |      8 |   1 |   71.0 |
         Sewer |    579 |    579 |      0 |      0 |    287 |   1 |  579.0 |
       Ossuary |    797 |    797 |      0 |      0 |    502 |   1 |  797.0 |
        Bailey |   1240 |   1240 |      0 |    375 |    512 |   1 | 1240.0 |
      Ice Cave |     13 |     13 |      0 |      0 |      0 |   1 |   13.0 |
        Wizlab |    800 |    800 |      0 |     82 |    384 |   1 |  800.0 |
               +--------+--------+--------+--------+--------+-----+--------+

Top non-repeatable levels by time:
 Snake:4: 7631 daAuts
   Zot:5: 6056 daAuts
  Tomb:1: 5322 daAuts
   Elf:3: 4095 daAuts
 Swamp:4: 4043 daAuts
 Snake:3: 4000 daAuts
 Snake:2: 3995 daAuts
Depths:2: 3973 daAuts
Depths:3: 3970 daAuts
Depths:4: 3747 daAuts
Vaults:3: 3742 daAuts
   Elf:1: 2990 daAuts
   Orc:2: 2789 daAuts
 Snake:1: 2707 daAuts
    D:14: 2586 daAuts
